 Dungeon Crawl Stone Soup version 0.24.1-11-gbbbb2193e6 (webtiles) character file.

Game seed: 10215527705660419821, levelgen mode: deterministic

193 RaHiT the Slasher (level 5, 0/41 HPs)
             Began as a Demonspawn Chaos Knight on May 12, 2020.
             Was a Plaything of Xom.
             Slain by a goblin (1 damage)
             ... led by Robin
             ... on level 3 of the Dungeon.
             The game lasted 00:07:51 (2859 turns).

RaHiT the Slasher (Demonspawn Chaos Knight)         Turns: 2859, Time: 00:07:51

Health: 0/41       AC:  6    Str: 14    XL:     5   Next: 43%
Magic:  5/5        EV: 12    Int: 13    God:    Xom [......]
Gold:   222        SH:  6    Dex: 14    Spells: 4/4 levels left

rFire    . . .     SeeInvis .   a - +0 falchion (chaos)
rCold    + . .     Gourm    .   (no shield)
rNeg     . . .     Faith    .   b - +3 leather armour
rPois    .         Spirit   .   (no helmet)
rElec    .         Reflect  .   (no cloak)
rCorr    .         Harm     .   (no gloves)
MR       .....     Rnd*Tele +   (no boots)
Stlth    +.........             (no amulet)
HPRegen  0.13/turn              e - ring of teleportation
MPRegen  0.09/turn              (no ring)

@: no status effects
A: large bone plates 2, agile 1, blurry vision 1, cold resistance 1, low mp 1,
wild magic 1, freezing cloud immunity, MP-powered wands
a: Renounce Religion


You were on level 3 of the Dungeon.
You worshipped Xom.
You were a very special plaything of Xom.
You were not hungry.

You visited 1 branch of the dungeon, and saw 3 of its levels.

You collected 222 gold pieces.

Inventory:

Hand Weapons
 a - a +0 falchion of chaos (weapon)
Missiles
 o - 12 poisoned darts (quivered)
 q - 8 curare-tipped darts
Armour
 b - a +3 leather armour (worn)
Jewellery
 e - a ring of teleportation (left hand)
Wands
 f - a wand of polymorph (9)
Scrolls
 d - a scroll of magic mapping
 g - a scroll of blinking {unknown}
 h - 3 scrolls of remove curse
 i - a scroll of enchant armour
 k - a scroll of amnesia
 l - a scroll of teleportation {unknown}
 n - 2 scrolls of immolation {unknown}
Potions
 j - 2 potions of curing
 r - a potion of ambrosia
Comestibles
 c - 3 rations
 p - 4 chunks of flesh


   Skills:
 + Level 3.5 Fighting
 * Level 3.8 Long Blades
 + Level 1.6 Throwing
 + Level 2.6 Armour
 + Level 2.0 Dodging
 + Level 0.8 Evocations


You had 4 spell levels left.
You didn't know any spells.
Your spell library was empty.

Dungeon Overview and Level Annotations

Branches:
Dungeon (3/15)

Altars:
Gozag
Sif Muna

Annotations:
D:3 Ijyb, Robin


Innate Abilities, Weirdness & Mutations

You are mostly covered in large bone plates. (SH +6)
Your flesh is cold resistant. (rC+)
You are immune to freezing clouds.
You are agile. (Dex +2)
Scrolls take you a little longer to read.
Your magical capacity is low. (-10% MP)
Your spells are a little harder to cast, but a little more powerful.
You expend magic power (3 MP) to strengthen your wands.


Message History

You block Ijyb's attack. The hobgoblin closely misses you.
You riposte.
You hit the hobgoblin. You burn the hobgoblin.
You kill the hobgoblin!
Ijyb zaps a wand.
The bolt of acid misses you.
The hobgoblin no longer looks unusually strong.
Ijyb barely misses you.
You riposte.
You hit Ijyb.
You smell smoke.
Ijyb is lightly wounded.
Ijyb screams, "Die!"
Robin throws the goblin at you!
You closely miss Ijyb.
Ijyb is lightly wounded.
You block the goblin's attack.
Ijyb zaps a wand.
The bolt of acid hits you!!
* * * LOW HITPOINT WARNING * * *
You are splashed with acid!
* * * LOW HITPOINT WARNING * * *
The bolt of acid hits the goblin!!
The goblin is splashed with acid.
The goblin dies!
Robin throws the goblin at you! The goblin hits you.
You die...
Xom chortles!

....#....#.!..,.#*,...........[*,
.........#...##.#*,,............,
......##,##.....#####............
.......#,,.........,.............
...#.#.####......####............
...#...#..#.........รท............
.................................
.......#####..#####.#............
.......#.......g@ggg#.##.........
.......#.###..#####.g)...........
#......#......# *##.#.##.........
........####.##**......g.#...##..
........## #..,.'............##..
.........# #..###........#.#.##..
.......#.# #...........###.g)##..
.......#.# #..................)..
...#.#.#+#**,,............#####.g


You could see Ijyb, Robin, a hobgoblin and 2 goblins.

Vanquished Creatures
  An ogre (D:3)
  2 adders (D:2)
  A worm (D:3)
  2 dart slugs (D:1)
  11 bats
  11 giant cockroaches (D:2)
  14 goblins
  11 hobgoblins
  6 jackals
  7 kobolds
  A quokka (D:3)
  4 frilled lizards (D:1)
  4 rats
75 creatures vanquished.

Vanquished Creatures (others)
  A goblin (D:3)
1 creature vanquished.

Grand Total: 76 creatures vanquished

Notes
Turn   | Place    | Note
-------+----------+-------------------------------------------
     0 | D:1      | RaHiT the Demonspawn Chaos Knight began the quest for the
                  | Orb.
     0 | D:1      | Reached XP level 1. HP: 18/18 MP: 1/1
    65 | D:1      | Reached skill level 1 in Dodging
   102 | D:1      | XOM: harmless Air miscast
   250 | D:1      | XOM is BORED!
   250 | D:1      | XOM: harmless Tloc miscast
   284 | D:1      | XOM: cloud trail
   372 | D:1      | Gained mutation: Your flesh is cold resistant. (rC+)
                  | [demonic ancestry]
   372 | D:1      | Reached XP level 2. HP: 24/24 MP: 2/2
   487 | D:1      | XOM: silly message
   597 | D:1      | Gained mutation: You are immune to freezing clouds.
                  | [demonic ancestry]
   597 | D:1      | Reached XP level 3. HP: 25/29 MP: 3/3
   719 | D:1      | XOM: cloud trail
   781 | D:1      | XOM: mild Chrm miscast
  1159 | D:2      | Reached skill level 1 in Throwing
  1175 | D:2      | XOM: 3-stop teleportation journey
  1235 | D:2      | XOM: mild Air miscast
  1471 | D:2      | XOM: smoke on damage
  1609 | D:2      | Gained mutation: You are partially covered in large bone
                  | plates. (SH +4) [demonic ancestry]
  1609 | D:2      | Reached XP level 4. HP: 17/35 MP: 4/4
  1713 | D:2      | XOM: god gift: 28 gold pieces
  2020 | D:2      | XOM: give mutations
  2020 | D:2      | Gained mutation: You expend magic power (3 MP) to
                  | strengthen your wands. [Xom's grace]
  2020 | D:2      | Gained mutation: Your spells are a little harder to cast,
                  | but a little more powerful. [Xom's grace]
  2020 | D:2      | Gained mutation: You are agile. (Dex +2) [Xom's grace]
  2272 | D:2      | Found a shimmering blue altar of Sif Muna.
  2361 | D:2      | XOM: god gift: silver wand {god gift}
  2435 | D:2      | XOM: harmless Summ miscast
  2604 | D:3      | Noticed an ogre
  2611 | D:3      | Killed an ogre
  2611 | D:3      | Gained mutation: You are mostly covered in large bone
                  | plates. (SH +6) [demonic ancestry]
  2611 | D:3      | Reached XP level 5. HP: 41/41 MP: 5/5
  2648 | D:3      | Found an opulent altar of Gozag.
  2702 | D:3      | Noticed Robin
  2773 | D:3      | XOM: give mutations
  2773 | D:3      | Gained mutation: Your magical capacity is low. (-10% MP)
                  | [Xom's mischief]
  2773 | D:3      | Gained mutation: Scrolls take you a little longer to read.
                  | [Xom's mischief]
  2841 | D:3      | Noticed Ijyb
  2859 | D:3      | HP: 1/41 [acid (9)]
  2859 | D:3      | Slain by a goblin

Levels and vault maps discovered:
D:1:      dpeg_arrival_lava_temple_mockup, layout_basic
D:2:      minmay_roachtagon, layout_basic, led_sif_pool
D:3:      layout_basic, nicolae_gozag_seed_capital,
          nicolae_ru_the_path_less_chosen, uniq_robin, uniq_ijyb

Skill      XL: |  1  2  3  4 |
---------------+-------------+-----
Dodging        | 1 2 |  2.0
Armour         | 2 |  2.6
Long Blades    | 3 |  3.8
Throwing       | 1 |  1.6
Fighting       | |  3.5
Evocations     | |  0.8

Action                   |  1- 3 |  4- 6 || total
-------------------------+-------+-------++-------
Melee: Falchion          |   118 |    92 ||   210
Throw: Dart              |       |     5 ||     5
  Use: Scroll            |     1 |     5 ||     6
 Stab: Paralysed         |     1 |     1 ||     2
       Petrified         |       |     3 ||     3
       Confused          |       |     1 ||     1
  Eat: Chunk             |     2 |     5 ||     7
Armor: Leather armour    |    47 |    28 ||    75
Dodge: Dodged            |    87 |    62 ||   149
Block: Other             |       |    25 ||    25
       Rpst.: Falchion   |    36 |    19 ||    55
